 Dungeon Crawl Stone Soup version 0.17-a0-1663-gb806841 (webtiles) character file.

1416 Kelyas the Bolt Thrower (level 8, -1/70 HPs)
             Began as a Centaur Hunter on Aug 17, 2015.
             Was a Follower of Qazlal.
             Slain by Prince Ribbit (9 damage)
             ... on level 6 of the Dungeon.
             The game lasted 00:24:44 (6354 turns).

Kelyas the Bolt Thrower (Centaur Hunter)            Turns: 6354, Time: 00:24:44

Health: -1/70      AC:  9    Str: 17    XL:     8   Next: 43%
Magic:  0/11       EV:  0    Int: 10    God:    Qazlal [*.....]
Gold:   216        SH:  2    Dex: 12    Spells: 0 memorised, 7 levels left

rFire  . . .     SeeInvis .     z - +0 trident
rCold  . . .     Clarity  .     o - +1 chain mail
rNeg   . . .     SustAt   .     (no shield)
rPois  .         Gourm    .     (no helmet)
rElec  .         Spirit   +     (no cloak)
rCorr  .         Warding  .     i - +0 pair of gloves
rMut   .         Stasis   .     (no barding)
MR     +....                    k - amulet of guardian spirit
Stlth  ..........               v - +2 ring of strength
                                y - ring of protection from magic

@: very quick, somewhat resistant to hostile enchantments, extremely unstealthy
A: hooves 3, deformed body, speed 2, tough skin 3
a: Renounce Religion


You were on level 6 of the Dungeon.
You worshipped Qazlal.
Qazlal was aware of your devotion.
You were not hungry.

You visited 1 branch of the dungeon, and saw 6 of its levels.

You collected 216 gold pieces.

Inventory:

Hand weapons
 a - a +1 hand crossbow
 z - a +0 trident (weapon)
 C - the +1 long sword "Fesig" {venom, *Corrode rPois rC+ Int+3}
   (You found it on level 6 of the Dungeon)

   It poisons the flesh of those it strikes.
   It affects your intelligence (+3).
   It protects you from cold.
   It protects you from poison.
   It may corrode your equipment when you take damage.
Missiles
 b - 20 bolts
 p - 5 tomahawks
 A - a throwing net (quivered)
Armour
 i - a +0 pair of gloves (worn)
 j - a +0 ring mail
 m - a +0 plate armour
 o - a +1 chain mail (worn)
Jewellery
 k - an amulet of guardian spirit (around neck)
 v - a +2 ring of strength (right hand)
 y - a ring of protection from magic (left hand)
Magical devices
 w - a wand of hasting (6)
Scrolls
 d - a scroll of recharging
 l - a scroll of fear
 r - a scroll of enchant weapon
 t - a scroll of vulnerability {unknown}
 u - 2 scrolls of teleportation
 B - a scroll of magic mapping {unknown}
Potions
 g - a potion of cure mutation {unknown}
 h - 4 potions of might
 s - a potion of resistance {unknown}
 x - a potion of brilliance {unknown}
Books
 n - a book of Envenomations

   Spells                             Type                      Level
   a - Spider Form                    Transmutation/Poison         3
   b - Alistair's Intoxication        Transmutation/Poison         4
   c - Olgreb's Toxic Radiance        Poison                       4
   d - Poisonous Cloud                Conjuration/Poison/Air       6
Comestibles
 c - 2 chunks of flesh
 e - 4 bread rations
 f - 2 meat rations
 q - 4 fruits


   Skills:
 + Level 5.6 Fighting
   Level 0.3 Short Blades
 * Level 4.3 Polearms
 * Level 7.2 Crossbows
 + Level 0.2 Armour
 + Level 1.9 Dodging
 - Level 0.5 Stealth
 * Level 5.0 Invocations


You had 7 spell levels left.
You didn't know any spells.

Dungeon Overview and Level Annotations

Branches:
Dungeon (6/15)             Temple (0/1) D:5

Altars:
Ashenzari
Elyvilon
Kikubaaqudgha
Qazlal
Xom
Yredelemnul
The Shining One

Annotations:
D:6 Prince Ribbit


Innate Abilities, Weirdness & Mutations

You have hooves in place of feet.
Armour fits poorly on your strangely shaped body.
You cover ground very quickly.
You have extremely tough skin (AC +3).


Message History

Prince Ribbit hops awkwardly around.
The orc wizard mumbles some strange words.
The orc wizard blinks!
You see here a flail.
Prince Ribbit blinks!
Prince Ribbit hits you!
* * * LOW HITPOINT WARNING * * *
Prince Ribbit hits you!
* * * LOW HITPOINT WARNING * * *
Prince Ribbit hops awkwardly around.
Prince Ribbit blinks!
Prince Ribbit hits you!
* * * LOW HITPOINT WARNING * * *
Things that are here:
a trident; a leather armour Prince Ribbit croaks regally.
Prince Ribbit hits you but does no damage.
There is a stone staircase leading up, spattered with blood here.
Prince Ribbit hits you!
You die...

#..........###.......
#..######..[.)......
##..###..........####
##...............##
##..........§..#...#
##.......####...##..###
#.......## #..####...##
....##.F§# #..# ##...#
##. #..@# #..# #.... #
#...# ##..# #....
#.#...# #...# ##...
#..#.### ...## ##....
..#####. #..###...#.
#.# #.###.......##) .#
#..##......###o .#
##........###..
####.#.).###.o


You could see Prince Ribbit.

Vanquished Creatures
  Grinder (D:4)
  The ghost of Kelyas the Shooter, an average HEHu of Qazlal (D:5)
  Duvessa (D:4)
  A sky beast (D:5)
  An ice beast (D:4)
  An orc warrior (D:5)
  Dowan (D:4)
  A scorpion (D:4)
  2 orc wizards
  3 orc priests (D:5)
  2 hounds
  A centaur skeleton (D:5)
  2 giant frog skeletons
  4 worker ants
  2 hound skeletons (D:4)
  5 adders
  An ooze (D:3)
  An adder skeleton (D:4)
  3 worms
  5 giant geckos
  14 orcs
  3 ball pythons
  4 giant cockroaches
  10 hobgoblins
  2 jackals (D:2)
  2 quokkas
  4 bats
  A giant cockroach zombie (D:5)
  3 giant newts
  9 goblins
  4 kobolds
  3 rats
  A butterfly (D:5)
99 creatures vanquished.

Notes
Turn   | Place    | Note
--------------------------------------------------------------
     0 | D:1      | Kelyas the Centaur Hunter began the quest for the Orb.
     0 | D:1      | Reached XP level 1. HP: 17/17 MP: 1/1
   460 | D:1      | Reached XP level 2. HP: 9/25 MP: 2/2
  1330 | D:2      | Reached XP level 3. HP: 27/30 MP: 3/3
  1624 | D:2      | Reached skill level 1 in Polearms
  1883 | D:2      | Found a stormy altar of Qazlal.
  1896 | D:2      | Became a worshipper of Qazlal Stormbringer
  2019 | D:3      | Found an ancient bone altar of Kikubaaqudgha.
  2056 | D:3      | Reached skill level 5 in Crossbows
  2347 | D:3      | Reached XP level 4. HP: 37/37 MP: 4/4
  2689 | D:4      | Found a shimmering altar of Xom.
  2744 | D:4      | Reached skill level 1 in Invocations
  2744 | D:4      | Reached XP level 5. HP: 21/45 MP: 1/5
  3448 | D:4      | Noticed Grinder
  3460 | D:4      | Killed Grinder
  3460 | D:4      | Reached XP level 6. HP: 47/52 MP: 4/8
  3516 | D:4      | Found a basalt altar of Yredelemnul.
  3565 | D:4      | Noticed Dowan
  3566 | D:4      | Noticed Duvessa
  3577 | D:4      | Killed Duvessa
  3577 | D:4      | Acquired Qazlal's first power
  3589 | D:4      | Killed Dowan
  3589 | D:4      | Reached skill level 6 in Crossbows
  3589 | D:4      | Reached XP level 7. HP: 24/60 MP: 4/9
  3711 | D:5      | Entered Level 5 of the Dungeon
  4145 | D:5      | Noticed Kelyas's ghost (average HEHu)
  4158 | D:5      | Killed Kelyas's ghost
  4158 | D:5      | Reached skill level 5 in Fighting
  4292 | D:5      | Reached XP level 8. HP: 20/68 MP: 4/11
  4878 | D:5      | Found a glowing golden altar of the Shining One.
  5038 | D:5      | Reached skill level 7 in Crossbows
  5352 | D:5      | Found a staircase to the Ecumenical Temple.
  5357 | D:5      | Acquired Qazlal's second power
  5595 | D:6      | Found a shattered altar of Ashenzari.
  6259 | D:6      | Got an ancient long sword
  6260 | D:6      | Identified the +1 long sword "Fesig" {venom, *Corrode rPois rC+ Int+3} (You found it on level 6 of the Dungeon)
  6281 | D:6      | Noticed Prince Ribbit
  6304 | D:6      | Reached skill level 5 in Invocations
  6318 | D:6      | Found a white marble altar of Elyvilon.
  6354 | D:6      | Slain by Prince Ribbit

Vault maps used:
D:1:      dpeg_arrival_rooms_b
D:2:      lemuel_upstairs_altar, grunt_qazlal_clouds
D:3:      old_standard_altar, first_bread, kennysheep_generic_room_12
D:4:      xom_butterflies, yredelemnul_altar_generic, uniq_grinder, uniq_duvessa
D:5:      minmay_temple_entry_hall, nicolae_tso_swordbearing_angel
D:6:      overflow_temple_1_default, slow_altar_2, kennysheep_mini_moat,
          nicolae_elemental_shop, uniq_prince_ribbit1

Action                   |  1- 3 |  4- 6 |  7- 9 || total
-------------------------+-------+-------+-------++-------
Melee: Short sword       |    35 |       |       ||    35
       Spear             |   123 |    91 |   100 ||   314
       Trident           |       |       |    61 ||    61
 Fire: Hand crossbow     |    11 |    48 |    95 ||   154
Invok: Upheaval          |       |       |     2 ||     2
  Use: Potion            |     1 |     1 |       ||     2
       Scroll            |       |       |     8 ||     8
  Eat: Chunk             |     3 |     4 |     5 ||    12
       Beef jerky        |       |       |     2 ||     2
       Pizza             |       |       |     1 ||     1
